 Dungeon Crawl Stone Soup version 0.30-a0-779-g7971cf19c3 (webtiles) character file.

Game seed: 11992697683860439861

172 theswoord the Shooter (level 5, -3/45 HPs)
             Began as a Naga Hunter on Feb 17, 2023.
             Slain by a river rat (5 damage)
             ... in a sewer.
             The game lasted 00:03:49 (2453 turns).

theswoord the Shooter (Naga Hunter)                 Turns: 2453, Time: 00:03:49

Health: -3/45      AC:  4    Str: 15    XL:     5   Next: 52%
Magic:  5/5        EV:  9    Int: 10    God:
Gold:   85         SH:  0    Dex: 14    Spells: 4/4 levels left

rFire   . . .      SeeInvis +    a - +1 shortbow
rCold   . . .      Faith    .    (shield currently unavailable)
rNeg    . . .      Spirit   .    c - +1 leather armour
rPois   +          Reflect  .    (no helmet)
rElec   .          Harm     .    (no cloak)
rCorr   .          Rampage  .    (no gloves)
Will    .....                    (no barding)
Stlth   ++                       (no amulet)
HPRegen 0.27/turn                (no ring)
MPRegen 0.09/turn                (no ring)

@: hasted, quick
A: AC +1, large, see invisible, deformed body, poison resistance, slowness 2,
spit poison 1, naga tail 1
a: Spit Poison


You were in a sewer.
You visited 1 branch of the dungeon, and saw 3 of its levels.
You also visited: Sewer.

You collected 85 gold pieces.

Inventory:

Hand Weapons
 a - a +1 shortbow (weapon)
Armour
 c - a +1 leather armour (worn)
Scrolls
 b - a scroll of immolation
 d - a scroll of fog
 e - 2 scrolls of poison
Potions
 f - 5 potions of flight


   Skills:
 - Level 2.0 Fighting
 + Level 6.0 Ranged Weapons
 - Level 1.5 Dodging
 - Level 1.5 Stealth


You had 4 spell levels left.
You didn't know any spells.
Your spell library contained the following spells:

 Spells                   Type           Power      Damage    Failure   Level
 Magic Dart               Conj           0%         1d3       43%         1
 Lesser Beckoning         Tloc           0%         N/A       56%         2
 Searing Ray              Conj           0%         2d4       56%         2
 Gell's Gravitas          Tloc           0%         N/A       80%         3
 Teleport Other           Tloc           0%         N/A       80%         3
 Fulminant Prism          Conj/Hex       0%         3d5       99%         4


Dungeon Overview and Level Annotations

Branches:
Dungeon (3/15)              Sewer (1/1)

Altars:


Innate Abilities, Weirdness & Mutations

Your serpentine skin is tough. (AC +1)
You have supernaturally acute eyesight. (SInv)
Armour fits poorly on your strangely shaped body.
Your system is resistant to poisons. (rPois)
You cover ground very slowly.
You can spit poison.
You have a snake-like lower body.


Message History

You see here an adder corpse.
There is a large open door here.
Found two gates leading back out of this place.
You open the large door. 3 river rats come into view.
There are monsters nearby!
You shoot an arrow. The arrow hits the river rat.
You shoot an arrow. The arrow barely misses the river rat.
The arrow closely misses the river rat.
The river rat bites you.
A river rat comes into view.
You shoot an arrow. The arrow hits the river rat.
The river rat bites you! The river rat barely misses you.
You shoot an arrow.
The arrow hits the river rat but does no damage.
The river rat bites you but does no damage.
The river rat barely misses you. The river rat bites you.
The river rat closely misses you. The river rat barely misses you.
You shoot an arrow. The arrow closely misses the river rat.
The river rat barely misses you. x2; The river rat bites you.
You shoot an arrow. The arrow barely misses the river rat.
The river rat closely misses you. The river rat completely misses you.
The river rat barely misses you. The river rat attacks as you move away!
The river rat barely misses you. The river rat attacks as you move away!
The river rat completely misses you.
The river rat bites you but does no damage.
The river rat attacks as you move away! The river rat bites you.
The river rat bites you!
* * * LOW HITPOINT WARNING * * *
The river rat barely misses you.
There is a large open door here.
The river rat attacks as you move away! The river rat bites you.
* * * LOW HITPOINT WARNING * * *
Okay, then.
You feel yourself speed up. The river rat bites you!
* * * LOW HITPOINT WARNING * * *
You shoot an arrow. The arrow closely misses the river rat.
The river rat bites you!
* * * LOW HITPOINT WARNING * * *
The river rat bites you.
You die...

~~~~.~~~.~.~~~~~~~~..~.~~≈~≈≈≈≈≈≈
~#######################~≈~######
~# ###### #~≈~# ~# #.†..# #~≈.#
.# #####++#####†'#####~≈~# ~#
#∩........r.....~.~~~.#
#∩........r.r...~~~~~.#
#####''#####rr#####~≈~# #...
#@r..# #~≈.# #### ###### #~≈.#
#~≈~# ~~≈~# ≈~≈.#


You could see 4 river rats.

Vanquished Creatures
  8 adders
  2 river rats (Sewer)
  2 worms
  2 dart slugs
  4 orcs (D:2)
  5 ball pythons
  5 endoplasms
  7 giant cockroaches
  6 goblins
  2 hobgoblins
  2 jackals (Sewer)
  4 quokkas
  7 bats
  2 frilled lizards (D:1)
  5 kobolds
  5 rats
68 creatures vanquished.

Vanquished Creatures (others)
  A fungus (D:1)
1 creature vanquished.

Grand Total: 69 creatures vanquished

Notes
Turn   | Place    | Note
-------+----------+-------------------------------------------
     0 | D:1      | theswoord the Naga Hunter began the quest for the Orb.
     0 | D:1      | Reached XP level 1. HP: 19/19 MP: 1/1
   235 | D:1      | Reached skill level 4 in Ranged Weapons
   235 | D:1      | Reached XP level 2. HP: 26/26 MP: 2/2
   285 | D:1      | Found a faded altar of an unknown god.
   687 | D:1      | Reached XP level 3. HP: 31/32 MP: 3/3
  1749 | D:3      | Reached skill level 5 in Ranged Weapons
  1795 | D:3      | Reached XP level 4. HP: 39/39 MP: 4/4
  1946 | D:3      | Found a glowing drain.
  2077 | Sewer    | Entered a sewer
  2195 | Sewer    | Reached XP level 5. HP: 43/45 MP: 5/5
  2339 | Sewer    | Reached skill level 6 in Ranged Weapons
  2453 | Sewer    | HP: 2/45 [river rat (7)]
  2453 | Sewer    | Slain by a river rat

Skill      XL: |  1  2  3  4  5 |
---------------+----------------+-----
Ranged Weapons | 4 5 6 |  6.0
Fighting       | |  2.0
Dodging        | |  1.5
Stealth        | |  1.5

Action                     |  1- 3 |  4- 6 || total
---------------------------+-------+-------++-------
  Melee: Shortbow          |     1 |       ||     1
   Fire: Shortbow          |   136 |   114 ||   250
    Use: Scroll            |     7 |       ||     7
         Potion            |     2 |     1 ||     3
 Armour: Leather armour    |    21 |    31 ||    52
  Dodge: Dodged            |    42 |    62 ||   104

Levels and vault maps discovered:
D:1:      lightli_arrival_maybe_door_vault, layout_loops_ring,
          shapermc_ecumenical_altar_acropolis
D:2:      layout_basic
D:3:      layout_basic, gup_sewer_entry_glass, uniq_grinder
Sewer:    sewer_fruit_machine
